 Dungeon Crawl Stone Soup version 0.31-a0-875-g02e7d12df6 (webtiles) character file.

Game seed: 7208184957854167457

11 Azuregosa the Sneak (level 2, -2/21 HPs)
             Began as an Octopode Delver on Oct 12, 2023.
             Was an Initiate of Qazlal.
             Slain by a phantom (6 damage)
             ... on level 3 of the Dungeon.
             The game lasted 00:02:11 (155 turns).

Azuregosa the Sneak (Octopode Delver)                Turns: 155, Time: 00:02:11

Health: -2/21      AC:  1    Str: 11    XL:     2   Next: 29%
Magic:  2/2        EV: 13    Int: 12    God:    Qazlal [......]
Gold:   11         SH:  0    Dex: 13    Spells: 1/1 levels left

rFire   . . .        h - +0 glaive
rCold   . . .        (shield currently unavailable)
rNeg    . . .        (helmet restricted)
rPois   .            (no amulet)
rElec   .            (no ring)
rCorr   .            (no ring)
SInv    .            (no ring)
Will    .....        (no ring)
Stlth   ++++         (no ring)
HPRegen 0.23/turn    (no ring)
MPRegen 0.08/turn    (no ring)
                     (no ring)

%: no passive effects
@: no status effects
A: almost no armour, amphibious, 8 rings, camouflage 1, gelatinous body 1,
(nimble swimmer 1), tentacles
a: Renounce Religion


You were on level 3 of the Dungeon.
You worshipped Qazlal.
Qazlal was noncommittal.
You visited 2 branches of the dungeon, and saw 4 of its levels.

You collected 11 gold pieces.

Inventory:

Hand Weapons
 a - a +0 hand axe
 h - a +0 glaive (weapon)
Wands
 f - a wand of digging (3)
Scrolls
 b - a scroll of fog
 c - a scroll of revelation
 g - a scroll of blinking {unknown}
Potions
 e - a potion of haste


   Skills:
 - Level 3.0 Fighting
 - Level 2.0 Axes
 - Level 2.0 Dodging
 + Level 7.3 Stealth


You had one spell level left.
You didn't know any spells.
Your spell library was empty.

Dungeon Overview and Level Annotations

Branches:
Dungeon (5/15)             Temple (1/1) D:4

Altars:
Ashenzari
Cheibriados
Elyvilon
Fedhas
Kikubaaqudgha
Makhleb
Nemelex Xobeh
Okawaru
Qazlal
Ru
Sif Muna
Trog
Uskayaw
Vehumet
Wu Jian
Yredelemnul
Zin
The Shining One


Innate Abilities, Weirdness & Mutations

You cannot wear most types of armour.
You are amphibious.
You can wear up to eight rings at the same time.
Your skin changes colour to match your surroundings (Stealth+).
Your rubbery body absorbs attacks. (AC +1, EV +1)
((You are camouflaged when in or above water. (Stealth+)))
You have tentacles for arms and can constrict up to eight enemies at once.


Message History

Qazlal accepts your kill.
You see here a +0 glaive.
h - a +0 glaive
There are no items here.
h - a +0 glaive (weapon)
An endoplasm comes into view.
A phantom comes into view.
The endoplasm quivers.
You see here 11 gold pieces.
You now have 11 gold pieces.
A giant cockroach and a dart slug come into view.
Found 17 gold pieces.
The phantom hits you but does no damage.
The endoplasm closely misses you. The phantom attacks as it pursues you!
The phantom misses you.
There is a stone staircase leading up here.
The endoplasm freezes you.
You are frozen.
The phantom barely misses you.
You climb upwards.
Found 4 stones and a scroll labelled UCHIHE HECI.
There is a stone staircase leading down here.
Found a stone staircase leading down.
The phantom attacks as it pursues you!
The phantom hits you but does no damage.
You hit the phantom.
The phantom is lightly damaged.
The phantom hits you. The phantom hits you!
The phantom blinks!
You blink.
You hit the phantom.
The phantom is moderately damaged.
The phantom barely misses you.
You miss the phantom. Your squeeze misses the phantom.
The phantom is moderately damaged.
The phantom hits you.
* * * LOW HITPOINT WARNING * * *
The phantom blinks!
You blink.
The phantom hits you.
* * * LOW HITPOINT WARNING * * *
As you read the scroll of fear, it crumbles to dust.
You assume a fearsome visage.
The endoplasm looks frightened!
The phantom is unaffected.
The phantom hits you.
You die...

# .# ####.#
#....###.#
#.>.......
#######.........
#ยง...JW@..(####.
#>#####....# #.#
##.#.# ... ...?#
##.## ##### #..
##. . .#


You could see a phantom and an endoplasm (fleeing).

Vanquished Creatures
  An adder (D:4)
  An endoplasm (D:4)
  A giant cockroach (D:4)
3 creatures vanquished.

Notes
Turn   | Place    | Note
-------+----------+-------------------------------------------
     0 | D:5      | Azuregosa the Octopode Delver began the quest for the Orb.
     0 | D:5      | Reached XP level 1. HP: 16/16 MP: 1/1
     5 | D:4      | Found a staircase to the Ecumenical Temple.
    19 | Temple   | Entered the Ecumenical Temple
    24 | Temple   | Became a worshipper of Qazlal Stormbringer
    37 | D:4      | Reached skill level 7 in Stealth
    37 | D:4      | Reached XP level 2. HP: 10/21 MP: 2/2
   139 | D:4      | Noticed a phantom
   155 | D:3      | Slain by a phantom

Illustrated notes

Levels and vault maps discovered:
D:3:      layout_loops_ring, serial_aquarium, aquarium_bridge_square
          [aquarium_subvault_balcony, aquarium_subvault_bridge,
          aquarium_subvault_wall, aquarium_subvault_bridge],
          aquarium_window_corridor_3, aquarium_window_corner,
          aquarium_window_fake, aquarium_view_2d, aquarium_balcony_1a,
          aquarium_pool_1
D:4:      layout_gridville, mainiacjoe_overflow_tiny_flanked,
          minmay_temple_entry_glassed_door
D:5:      layout_cave_pools, uniq_menkaure
Temple:   regret_index_temple_chain_breaker

Skill      XL: |  1 |
---------------+----+-----
Stealth        | 7 |  7.3
Fighting       | |  3.0
Axes           | |  2.0
Dodging        | |  2.0

Action                     || total
---------------------------++-------
  Melee: Hand axe          ||     6
         Constrict         ||     2
         Glaive            ||     3
         Tentacles         ||     2
    Use: Scroll            ||     1
   Stab: Sleeping          ||     1
 Armour: Skin              ||    11
  Dodge: Dodged            ||     5

Table legend: (Time is in decaauts)
 A = Elapsed time spent in this place.
 B = Non-inter-level travel time spent in this place.
 C = Inter-level travel time spent in this place.
 D = Time resting spent in this place.
 E = Time spent auto-exploring this place.
 F = Levels seen in this place.
 G = Mean time per level.
                   A        B        C        D        E       F      G
               +--------+--------+--------+--------+--------+-----+--------+
         Total |    157 |    157 |      0 |     84 |      0 |   4 |   39.2 |
       Dungeon |    144 |    144 |      0 |     84 |      0 |   3 |   48.0 |
        Temple |     12 |     12 |      0 |      0 |      0 |   1 |   12.0 |
               +--------+--------+--------+--------+--------+-----+--------+

Top non-repeatable levels by time:
     D:4: 131 daAuts
  Temple: 12 daAuts
     D:3: 8 daAuts
     D:5: 4 daAuts
